 Dungeon Crawl Stone Soup version 0.28-a0-8-g6e044cfa68 (webtiles) character file.

Game seed: 10492837187288676860

2374 bande the Chopper (level 9, -2/55 HPs)
             Began as a Gargoyle Fighter on July 24, 2021.
             Slain by a wight (12 damage)
             ... on level 7 of the Dungeon.
             The game lasted 00:12:58 (6743 turns).

bande the Chopper (Gargoyle Fighter)                Turns: 6743, Time: 00:12:59

Health: -2/55      AC: 20    Str: 21    XL:     9   Next: 45%
Magic:  9/9        EV: 13    Int: 12    God:
Gold:   225        SH: 11    Dex: 10    Spells: 8/8 levels left

rFire   . . .      SeeInvis .   a - +1 war axe
rCold   . . .      Faith    .   c - +1 kite shield
rNeg    + . .      Spirit   .   l - +3 scale mail {rPois}
rPois   ∞          Reflect  .   (helmet restricted)
rElec   +          Harm     .   g - +0 cloak
rCorr   .          Rampage  .   (no gloves)
Will    .....                   (no boots)
Stlth   ..........              (no amulet)
HPRegen 0.18/turn               e - +4 ring of evasion
MPRegen 0.11/turn               (no ring)

@: no status effects
A: sickness immunity, AC +6, negative energy resistance 1, electricity
resistance, torment resistance 1, petrification resistance, antennae 1,
iridescent scales 1, clever 1
a: no special abilities


You were on level 7 of the Dungeon.
You visited 1 branch of the dungeon, and saw 7 of its levels.

You collected 225 gold pieces.

Inventory:

Hand Weapons
 a - a +1 war axe (weapon)
Missiles
 n - 6 atropa-tipped darts (quivered)
Armour
 c - a +1 kite shield (worn)
 g - a +0 cloak (worn)
 l - a +3 scale mail of poison resistance (worn)
Jewellery
 b - a ring of fire
 e - a +4 ring of evasion (left hand)
Wands
 i - a wand of iceblast (6)
Scrolls
 h - a scroll of enchant weapon
Potions
 d - 2 potions of might
 f - 5 potions of heal wounds
 j - a potion of haste
 m - a potion of resistance


   Skills:
 + Level 5.8 Fighting
 + Level 7.4 Axes
 + Level 6.0 Armour
 + Level 2.8 Dodging
 + Level 6.9 Shields
 * Level 1.9 Evocations


You had 8 spell levels left.
You didn't know any spells.
Your spell library contained the following spells:

 Spells                   Type           Power      Damage    Failure   Level
 Corona                   Hex            0%         N/A       93%         1
 Ensorcelled Hibernation  Hex/Ice        0%         N/A       98%         2
 Tukima's Dance           Hex            0%         N/A       100%        3
 Animate Armour           Summ/Erth      0%         N/A       100%        4
 Blade Hands              Tmut           0%         N/A       100%        5
 Iron Shot                Conj/Erth      0%         9d1       100%        6


Dungeon Overview and Level Annotations

Branches:
Dungeon (7/15)             Temple (0/1) D:7

Altars:
Cheibriados
Elyvilon
The Shining One

Shops:
D:5 [


Innate Abilities, Weirdness & Mutations

You are immune to sickness and miasma.
Your stone body is resilient. (AC +6)
You are immune to poison.
You resist negative energy. (rN+)
You are resistant to electric shocks. (rElec)
You are resistant to unholy torment.
You are immune to petrification.
You have a pair of small antennae on your head.
You are partially covered in iridescent scales. (AC +2)
Your mind is acute. (Int +2)


Message History

You block the wight's attack. x2; The wight barely misses you.
You slash the centaur!
The centaur is almost dead.
You slash the wight!
You destroy the wight!
The centaur hits you but does no damage.
You block the centaur's attack. You block the wight's attack.
The centaur hits you.
* * * LOW HITPOINT WARNING * * *
The centaur kicks you but does no damage.
You block the wight's attack.
You feel your dexterity returning.
You feel much better.
The centaur hits you but does no damage.
You block the centaur's attack.
The wight hits you from afar with a +0 halberd.
You block the wight's attack. The centaur barely misses you.
The centaur kicks you but does no damage.
You hit the centaur.
You kill the centaur!
The wight hits you from afar with a +0 halberd.
The wight hits you but does no damage. You block the wight's attack.
The wight hits you with a +2 halberd of freezing!
The wight freezes you.
Things that are here:
a +0 shortbow; 20 arrows; a centaur corpse You barely miss the wight.
You block the wight's attack. The wight misses you.
You slash the wight!
The wight is heavily damaged.
The wight misses you. x2
The wight hits you with a +2 halberd of freezing!
* * * LOW HITPOINT WARNING * * *
The wight freezes you.
* * * LOW HITPOINT WARNING * * *
You hit the wight.
The wight is heavily damaged.
The wight hits you from afar with a +0 halberd.
* * * LOW HITPOINT WARNING * * *
The wight hits you with a +2 halberd of freezing!
You die...

#..# #.?# #..##
#...## .....# #.#..#
#z#..# #@#..#
###.#..#######
#.z..<.......#
..........#..#####.#
.##..##.###....# #.#
#. #.# #....# #.# #
#.# #.#..###.#
#.###.....##.#
#.##.......#.#


You could see 2 wights.

Vanquished Creatures
  Grinder (D:4)
  A water moccasin (D:5)
  2 ice beasts
  2 necrophages (D:6)
  A black bear (D:3)
  3 phantoms
  2 centaurs
  A bullfrog (D:6)
  2 scorpions (D:5)
  A water moccasin skeleton (D:4)
  10 wights
  2 bullfrog zombies (D:5)
  2 hounds
  A gnoll shaman (D:4)
  A jelly (D:6)
  A centaur zombie (D:6)
  A bullfrog skeleton (D:5)
  A centaur skeleton (D:4)
  Terence (D:3)
  A scorpion zombie (D:5)
  An iguana (D:4)
  2 orc wizards (D:4)
  A killer bee zombie (D:6)
  8 gnolls
  3 adders
  3 worms
  2 dart slugs
  10 orcs
  5 ball pythons
  6 endoplasms
  4 giant cockroaches
  12 goblins
  7 hobgoblins
  6 kobolds
  5 quokkas
  4 bats
  A frilled lizard (D:2)
  2 rats
119 creatures vanquished.

Vanquished Creatures (others)
  A fungus (D:1)
1 creature vanquished.

Grand Total: 120 creatures vanquished

Notes
Turn   | Place    | Note
-------+----------+-------------------------------------------
     0 | D:1      | bande the Gargoyle Fighter began the quest for the Orb.
     0 | D:1      | Reached XP level 1. HP: 14/14 MP: 1/1
   159 | D:1      | Reached skill level 2 in Axes
   159 | D:1      | Reached XP level 2. HP: 19/19 MP: 2/2
   620 | D:1      | Reached XP level 3. HP: 23/23 MP: 3/3
  1281 | D:2      | Found a glowing golden altar of the Shining One.
  1754 | D:3      | Reached XP level 4. HP: 25/29 MP: 4/4
  2147 | D:3      | Reached skill level 3 in Axes
  2289 | D:3      | Found a white marble altar of Elyvilon.
  2378 | D:3      | Noticed Terence
  2392 | D:3      | Killed Terence
  2393 | D:3      | Reached XP level 5. HP: 26/33 MP: 5/5
  2574 | D:3      | Found a faded altar of an unknown god.
  2803 | D:4      | Noticed a phantom
  2819 | D:4      | Killed a phantom
  3176 | D:4      | Gained mutation: You have a pair of small antennae on your
                  | head. [potion of mutation]
  3176 | D:4      | Gained mutation: You are somewhat resistant to further
                  | mutation. [potion of mutation]
  3184 | D:4      | Noticed a black bear
  3208 | D:3      | Killed a black bear
  3209 | D:3      | Reached skill level 4 in Axes
  3209 | D:3      | Reached XP level 6. HP: 26/38 MP: 6/6
  3318 | D:4      | Reached skill level 1 in Dodging
  3626 | D:4      | Lost mutation: You are somewhat resistant to further
                  | mutation. [potion of mutation]
  3626 | D:4      | Lost mutation: You have a pair of small antennae on your
                  | head. [potion of mutation]
  3626 | D:4      | Gained mutation: You have a pair of small antennae on your
                  | head. [potion of mutation]
  3626 | D:4      | Gained mutation: You are partially covered in iridescent
                  | scales. (AC +2) [potion of mutation]
  3626 | D:4      | Gained mutation: Your mind is acute. (Int +2) [potion of
                  | mutation]
  3680 | D:4      | Noticed Grinder
  3682 | D:4      | Paralysed by Grinder for 2 turns
  3693 | D:4      | Paralysed by Grinder for 3 turns
  3699 | D:4      | Paralysed by Grinder for 7 turns
  3726 | D:4      | Killed Grinder
  3727 | D:4      | Reached XP level 7. HP: 20/44 MP: 7/7
  3956 | D:4      | Reached skill level 5 in Shields
  4256 | D:5      | Entered Level 5 of the Dungeon
  4336 | D:4      | Reached skill level 5 in Axes
  4384 | D:4      | Reached skill level 5 in Armour
  4537 | D:5      | Found Tecop's Armour Shoppe.
  4599 | D:5      | Reached XP level 8. HP: 44/48 MP: 8/8
  4754 | D:5      | Reached skill level 6 in Axes
  4986 | D:5      | Reached skill level 5 in Fighting
  5279 | D:6      | Found a snail-covered altar of Cheibriados.
  5742 | D:6      | Reached XP level 9. HP: 54/54 MP: 9/9
  5870 | D:6      | Reached skill level 7 in Axes
  5881 | D:6      | Reached skill level 1 in Evocations
  6678 | D:7      | Found a staircase to the Ecumenical Temple.
  6743 | D:7      | Slain by a wight

Illustrated notes

Levels and vault maps discovered:
D:1:      ncdulo_halloftheorcs, layout_loops_ring, minmay_shallow_snake_nest
D:2:      layout_basic, basic_altar
D:3:      layout_rooms, elyvilon_altar_4,
          dreamdust_ecumenical_altar_hidden_monk_grotto, uniq_terence
D:4:      layout_rooms, supply_closet_lemuel, uniq_grinder
D:5:      layout_cave_pools, serial_shops, nicolae_square_shop
D:6:      layout_basic, kennysheep_slug_shrine, kennysheep_windowed_goal
D:7:      cheibrodos_fzero, layout_loops_ring, minmay_temple_entry_glassed_door,
          lightli_bailey_entry_fortress, uniq_duvessa

Skill      XL: |  1  2  3  4  5  6  7  8  9 |
---------------+----------------------------+-----
Axes           | 2 3 4 5 6 7 |  7.4
Armour         | 4 5 6 |  6.0
Shields        | 4 5 6 |  6.9
Fighting       | 4 5 |  5.8
Dodging        | 1 2 |  2.8
Evocations     | 1 |  1.9

Action                   |  1- 3 |  4- 6 |  7- 9 || total
-------------------------+-------+-------+-------++-------
Melee: War axe           |   113 |   148 |   277 ||   538
  Use: Scroll            |     4 |       |     4 ||     8
       Potion            |       |     4 |     6 ||    10
Armor: Scale mail        |    36 |    99 |   157 ||   292
       Chain mail        |    32 |    38 |       ||    70
Dodge: Dodged            |    34 |    72 |   197 ||   303
Block: Kite shield       |    54 |   110 |   215 ||   379

Table legend: (Time is in decaauts)
 A = Elapsed time spent in this place.
 B = Non-inter-level travel time spent in this place.
 C = Inter-level travel time spent in this place.
 D = Time resting spent in this place.
 E = Time spent auto-exploring this place.
 F = Levels seen in this place.
 G = Mean time per level.
                   A        B        C        D        E       F      G
               +--------+--------+--------+--------+--------+-----+--------+
         Total |   7009 |   6742 |    267 |   1291 |   3823 |   7 | 1001.3 |
       Dungeon |   7009 |   6742 |    267 |   1291 |   3823 |   7 | 1001.3 |
               +--------+--------+--------+--------+--------+-----+--------+

Top non-repeatable levels by time:
     D:4: 1504 daAuts
     D:6: 1360 daAuts
     D:2: 1274 daAuts
     D:1: 1037 daAuts
     D:3: 855 daAuts
     D:5: 776 daAuts
     D:7: 200 daAuts
